[ AOE2 MATCH · #472393893 ]
UnrankedDravidians vs Wei
[ REPLAY ANALYSIS · EXTRACTED FROM THE RECORDED GAME ]
Feudal
11:50
Castle
15:29
Imperial
30:42
| APM avg | 16.8 |
| APM peak | 39 |
| eAPM avg | 12.0 |
| Villagers / military | 180 / 694 |
Focus
⚔️ 44.4% · 🌾 55.6%
Spearman ×395 · Militia ×142 · Elephant Archer ×120 · Trade Cart ×35 · Urumi Swordsman ×20 · Trebuchet (Packed) ×16
Feudal
10:32
Castle
14:13
Imperial
28:36
| APM avg | 35.6 |
| APM peak | 97 |
| eAPM avg | 21.6 |
| Villagers / military | 209 / 977 |
Focus
⚔️ 46.9% · 🌾 53.1%
Spearman ×362 · Petard ×314 · Archer ×212 · Unknown (2550) ×163 · Monk ×57 · Trade Cart ×51
Feudal
8:56
Castle
16:16
Imperial
30:22
| APM avg | 29.6 |
| APM peak | 80 |
| eAPM avg | 19.6 |
| Villagers / military | 176 / 793 |
Focus
⚔️ 39.8% · 🌾 60.2%
Scout Cavalry ×785 · Unknown (1949) ×223 · Trade Cart ×50 · Unknown (1942) ×11 · Spearman ×8 · Unknown (1954) ×1
Feudal
11:24
Castle
15:22
Imperial
29:50
| APM avg | 47.5 |
| APM peak | 116 |
| eAPM avg | 27.1 |
| Villagers / military | 202 / 1253 |
Focus
⚔️ 34.9% · 🌾 65.1%
Spearman ×832 · Skirmisher ×275 · Organ Gun ×78 · Bombard Cannon ×45 · Hand Cannoneer ×22 · Trade Cart ×11
Feudal
10:44
Castle
15:53
Imperial
29:16
| APM avg | 26.5 |
| APM peak | 74 |
| eAPM avg | 14.1 |
| Villagers / military | 237 / 213 |
Focus
⚔️ 28.4% · 🌾 71.6%
Knight ×208 · Trade Cart ×34 · Trebuchet (Packed) ×3 · Camel Scout ×2
Feudal
11:29
Castle
16:38
Imperial
32:55
| APM avg | 35.0 |
| APM peak | 75 |
| eAPM avg | 22.2 |
| Villagers / military | 243 / 559 |
Focus
⚔️ 30.0% · 🌾 70.0%
Skirmisher ×359 · Petard ×137 · Unknown (2586) ×118 · Unknown (2562) ×69 · Spearman ×51 · Trebuchet (Packed) ×8
Match map
Initial resources + every placement click. Lines = walls · curves = elevation contours. ◆ gold · ⬟ stone · ● berries · ✦ relic · ◌ wall gap
Your base· ✓ Closed at 15:29 · 0t walls · 3 gate(s)
Quando's base· ✓ Closed at 14:13 · 0t walls · 2 gate(s)
Malristanben's base· ✓ Closed at 16:16 · 0t walls · 3 gate(s)
RTH's base· ✓ Closed at 15:22 · 0t walls · 3 gate(s)
Fr4ggi's base· ✓ Closed at 15:53 · 0t walls · 3 gate(s)
Cristiano_Riscardo's base· ✓ Closed at 16:38 · 0t walls · 2 gate(s)
Smoothed initial terrain · ◌ = detected wall gap · hover for details
Inputs per minute
— Relief - - Quando
Build order — Relief
First 150 of 638 actions detected
| 0:02 | Queue | Villager (Male) |
| 0:02 | Queue | Villager (Male) |
| 0:02 | Queue | Villager (Male) |
| 0:04 | Build | House |
| 0:06 | Build | House |
| 0:50 | Queue | Villager (Male) |
| 1:25 | Queue | Villager (Male) |
| 1:46 | Build | Lumber Camp |
| 1:53 | Queue | Villager (Male) |
| 2:31 | Queue | Villager (Male) |
| 2:52 | Queue | Villager (Male) |
| 2:53 | Queue | Villager (Male) |
| 3:51 | Build | House |
| 3:54 | Build | House |
| 3:58 | Queue | Villager (Male) |
| 4:16 | Queue | Villager (Male) |
| 4:32 | Build | Mill |
| 4:45 | Queue | Villager (Male) |
| 4:54 | Queue | Villager (Male) |
| 5:36 | Queue | Villager (Male) |
| 5:54 | Queue | Villager (Male) |
| 6:01 | Build | Farm |
| 6:07 | Build | Farm |
| 6:10 | Build | Farm |
| 6:11 | Queue | Villager (Male) |
| 6:15 | Queue | Villager (Male) |
| 7:27 | Build | House |
| 7:35 | Queue | Villager (Male) |
| 7:36 | Queue | Villager (Male) |
| 7:36 | Queue | Villager (Male) |
| 7:37 | Queue | Villager (Male) |
| 7:38 | Queue | Villager (Male) |
| 8:08 | Build | Mining Camp |
| 8:55 | Research | Feudal Age |
| 9:26 | Build | Mining Camp |
| 9:46 | Queue | Villager (Male) |
| 9:46 | Queue | Villager (Male) |
| 10:15 | Build | Mill |
| 11:50 | Age | Feudal Age |
| 11:54 | Build | Market |
| 11:59 | Build | Blacksmith |
| 12:49 | Research | Castle Age |
| 13:01 | Build | House |
| 13:27 | Research | Double-Bit Axe |
| 13:29 | Research | Horse Collar |
| 14:55 | Queue | Villager (Male) |
| 15:01 | Queue | Villager (Male) |
| 15:29 | Age | Castle Age |
| 15:31 | Build | Monastery |
| 15:49 | Build | Town Center |
| 15:54 | Queue | Villager (Male) |
| 15:58 | Research | Loom |
| 16:18 | Build | Castle |
| 16:22 | Queue | Monk |
| 16:29 | Build | Farm |
| 16:32 | Queue | Villager (Male) |
| 16:48 | Queue | Villager (Male) |
| 16:58 | Build | Town Center |
| 17:01 | Queue | Villager (Male) |
| 17:20 | Build | House |
| 17:30 | Queue | Villager (Male) |
| 17:43 | Queue | Villager (Male) |
| 17:58 | Queue | Villager (Male) |
| 18:08 | Build | Farm |
| 18:10 | Queue | Villager (Male) |
| 18:22 | Build | Farm |
| 18:25 | Build | Farm |
| 18:30 | Build | Farm |
| 18:33 | Queue | Villager (Male) |
| 18:34 | Queue | Villager (Male) |
| 18:46 | Build | House |
| 18:48 | Build | House |
| 18:51 | Build | House |
| 18:53 | Queue | Villager (Male) |
| 18:53 | Queue | Villager (Male) |
| 19:09 | Build | Farm |
| 19:11 | Build | Farm |
| 19:12 | Queue | Villager (Male) |
| 19:14 | Build | Farm |
| 19:30 | Build | Farm |
| 19:35 | Queue | Villager (Male) |
| 19:44 | Build | Farm |
| 19:57 | Queue | Villager (Male) |
| 20:00 | Build | Farm |
| 20:04 | Queue | Villager (Male) |
| 20:12 | Build | Farm |
| 20:15 | Queue | Villager (Male) |
| 20:20 | Build | Farm |
| 20:29 | Build | Farm |
| 20:35 | Build | House |
| 20:36 | Queue | Villager (Male) |
| 20:38 | Queue | Villager (Male) |
| 20:44 | Build | Farm |
| 20:54 | Queue | Villager (Male) |
| 21:00 | Build | Farm |
| 21:03 | Queue | Villager (Male) |
| 21:08 | Build | House |
| 21:13 | Build | Farm |
| 21:22 | Build | Farm |
| 21:26 | Queue | Villager (Male) |
| 21:26 | Queue | Villager (Male) |
| 21:29 | Queue | Villager (Male) |
| 21:43 | Queue | Villager (Male) |
| 21:44 | Queue | Villager (Male) |
| 21:49 | Build | House |
| 21:50 | Build | House |
| 21:55 | Queue | Villager (Male) |
| 22:03 | Build | Farm |
| 22:12 | Build | Lumber Camp |
| 22:18 | Build | Farm |
| 22:24 | Build | Farm |
| 22:26 | Queue | Villager (Male) |
| 22:26 | Queue | Villager (Male) |
| 22:33 | Build | Farm |
| 22:38 | Queue | Villager (Male) |
| 22:40 | Queue | Villager (Male) |
| 22:41 | Queue | Villager (Male) |
| 22:49 | Build | House |
| 22:59 | Queue | Villager (Male) |
| 23:03 | Research | Bow Saw |
| 23:18 | Build | Farm |
| 23:24 | Build | Farm |
| 23:24 | Queue | Villager (Male) |
| 23:25 | Queue | Villager (Male) |
| 23:26 | Queue | Villager (Male) |
| 23:31 | Build | House |
| 23:32 | Build | House |
| 23:35 | Queue | Villager (Male) |
| 23:36 | Queue | Villager (Male) |
| 23:38 | Queue | Villager (Male) |
| 24:05 | Queue | Villager (Male) |
| 24:05 | Queue | Villager (Male) |
| 24:16 | Research | Wheelbarrow |
| 24:25 | Build | Farm |
| 24:31 | Build | Farm |
| 24:37 | Build | Farm |
| 24:38 | Queue | Villager (Male) |
| 24:40 | Queue | Villager (Male) |
| 25:01 | Queue | Villager (Male) |
| 25:01 | Queue | Villager (Male) |
| 25:05 | Build | House |
| 25:06 | Build | House |
| 25:09 | Queue | Villager (Male) |
| 25:09 | Queue | Villager (Male) |
| 25:15 | Research | Heavy Plow |
| 25:23 | Build | Farm |
| 25:29 | Queue | Villager (Male) |
| 25:29 | Queue | Villager (Male) |
| 25:41 | Build | Farm |
| 25:44 | Build | Farm |
Build order — Quando
First 150 of 797 actions detected
| 0:00 | Queue | Villager (Male) |
| 0:01 | Queue | Villager (Male) |
| 0:01 | Queue | Villager (Male) |
| 0:01 | Queue | Villager (Male) |
| 0:02 | Build | House |
| 0:04 | Build | House |
| 1:26 | Queue | Villager (Male) |
| 1:52 | Queue | Villager (Male) |
| 2:00 | Build | Settlement |
| 2:04 | Queue | Villager (Male) |
| 2:42 | Queue | Villager (Male) |
| 2:57 | Queue | Villager (Male) |
| 3:42 | Queue | Villager (Male) |
| 3:42 | Queue | Villager (Male) |
| 4:31 | Queue | Villager (Male) |
| 4:31 | Queue | Villager (Male) |
| 4:32 | Queue | Villager (Male) |
| 5:10 | Build | Settlement |
| 5:41 | Queue | Villager (Male) |
| 5:53 | Build | House |
| 5:59 | Queue | Villager (Male) |
| 6:20 | Queue | Villager (Male) |
| 7:07 | Queue | Villager (Male) |
| 7:16 | Queue | Villager (Male) |
| 7:42 | Queue | Villager (Male) |
| 8:07 | Build | Settlement |
| 8:12 | Research | Loom |
| 8:21 | Research | Feudal Age |
| 8:33 | Build | Farm |
| 8:46 | Queue | Villager (Male) |
| 8:46 | Queue | Villager (Male) |
| 10:32 | Age | Feudal Age |
| 10:34 | Build | Market |
| 10:35 | Build | Blacksmith |
| 11:33 | Research | Castle Age |
| 11:59 | Build | House |
| 12:03 | Build | House |
| 12:04 | Build | House |
| 12:10 | Build | Farm |
| 12:12 | Research | Double-Bit Axe |
| 12:17 | Build | Farm |
| 12:45 | Build | House |
| 13:15 | Queue | Villager (Male) |
| 14:13 | Age | Castle Age |
| 14:18 | Build | Town Center |
| 14:24 | Build | Monastery |
| 14:27 | Queue | Villager (Male) |
| 14:49 | Build | Outpost |
| 14:51 | Build | Outpost |
| 14:52 | Build | Outpost |
| 14:54 | Build | Outpost |
| 14:56 | Build | Outpost |
| 14:58 | Queue | Villager (Male) |
| 15:06 | Build | Town Center |
| 15:12 | Queue | Villager (Male) |
| 15:26 | Queue | Monk |
| 15:33 | Queue | Villager (Male) |
| 15:33 | Queue | Villager (Male) |
| 15:39 | Research | Horse Collar |
| 15:46 | Queue | Villager (Male) |
| 15:59 | Queue | Villager (Male) |
| 16:03 | Build | Farm |
| 16:07 | Build | Farm |
| 16:18 | Queue | Villager (Male) |
| 16:18 | Queue | Villager (Male) |
| 16:22 | Queue | Monk |
| 16:44 | Build | Barracks |
| 16:44 | Queue | Villager (Male) |
| 16:45 | Queue | Villager (Male) |
| 16:45 | Queue | Villager (Male) |
| 16:46 | Queue | Villager (Male) |
| 16:52 | Build | Farm |
| 16:57 | Build | Farm |
| 16:58 | Queue | Villager (Male) |
| 17:00 | Research | Loom |
| 17:08 | Build | Farm |
| 17:23 | Build | Farm |
| 17:28 | Build | Farm |
| 17:29 | Queue | Villager (Male) |
| 17:44 | Queue | Monk |
| 17:48 | Build | House |
| 17:49 | Queue | Spearman |
| 17:56 | Build | Farm |
| 18:00 | Build | Farm |
| 18:03 | Build | Farm |
| 18:07 | Build | House |
| 18:08 | Build | House |
| 18:09 | Build | House |
| 18:09 | Build | House |
| 18:11 | Queue | Villager (Male) |
| 18:17 | Build | Farm |
| 18:21 | Build | Farm |
| 18:22 | Queue | Villager (Male) |
| 18:25 | Build | Farm |
| 18:34 | Queue | Villager (Male) |
| 18:36 | Build | Farm |
| 18:46 | Build | Farm |
| 18:51 | Queue | Villager (Male) |
| 18:58 | Build | House |
| 18:59 | Build | House |
| 19:01 | Queue | Villager (Male) |
| 19:03 | Build | Farm |
| 19:04 | Build | Farm |
| 19:07 | Build | Farm |
| 19:12 | Build | Farm |
| 19:14 | Queue | Villager (Male) |
| 19:25 | Queue | Villager (Male) |
| 19:26 | Queue | Monk |
| 19:32 | Queue | Villager (Male) |
| 19:36 | Queue | Villager (Male) |
| 19:47 | Build | Farm |
| 19:50 | Build | Farm |
| 19:50 | Queue | Villager (Male) |
| 20:09 | Queue | Villager (Male) |
| 20:09 | Queue | Villager (Male) |
| 20:09 | Queue | Villager (Male) |
| 20:13 | Build | Farm |
| 20:14 | Build | Farm |
| 20:14 | Build | Farm |
| 20:16 | Build | Farm |
| 20:18 | Build | Farm |
| 20:19 | Queue | Villager (Male) |
| 20:19 | Queue | Villager (Male) |
| 20:24 | Build | Farm |
| 20:39 | Queue | Villager (Male) |
| 20:39 | Queue | Villager (Male) |
| 20:42 | Queue | Spearman |
| 20:48 | Queue | Villager (Male) |
| 20:55 | Build | University |
| 21:00 | Queue | Villager (Male) |
| 21:00 | Queue | Villager (Male) |
| 21:15 | Build | House |
| 21:29 | Queue | Villager (Male) |
| 21:29 | Queue | Villager (Male) |
| 21:39 | Build | Farm |
| 21:42 | Build | Farm |
| 21:42 | Build | Farm |
| 21:43 | Queue | Villager (Male) |
| 21:44 | Queue | Villager (Male) |
| 21:44 | Queue | Villager (Male) |
| 21:49 | Research | Bow Saw |
| 21:53 | Queue | Villager (Male) |
| 21:56 | Build | Farm |
| 21:57 | Build | Farm |
| 21:59 | Build | Farm |
| 22:01 | Queue | Villager (Male) |
| 22:01 | Queue | Villager (Male) |
| 22:24 | Queue | Villager (Male) |
| 22:24 | Queue | Villager (Male) |
| 22:36 | Queue | Villager (Male) |
Build order — Malristanben
First 150 of 686 actions detected
| 0:00 | Queue | Villager (Male) |
| 0:00 | Queue | Villager (Male) |
| 0:02 | Build | House |
| 0:03 | Build | House |
| 0:17 | Queue | Villager (Male) |
| 0:18 | Queue | Villager (Male) |
| 1:23 | Queue | Villager (Male) |
| 1:43 | Build | Lumber Camp |
| 1:50 | Queue | Villager (Male) |
| 2:21 | Queue | Villager (Male) |
| 2:58 | Queue | Villager (Male) |
| 3:10 | Queue | Villager (Male) |
| 3:51 | Queue | Villager (Male) |
| 3:51 | Queue | Villager (Male) |
| 3:51 | Queue | Villager (Male) |
| 3:57 | Build | House |
| 4:23 | Build | Mill |
| 4:29 | Queue | Villager (Male) |
| 4:50 | Queue | Villager (Male) |
| 5:33 | Build | House |
| 5:53 | Queue | Villager (Male) |
| 6:04 | Queue | Villager (Male) |
| 6:44 | Research | Feudal Age |
| 7:30 | Build | Mill |
| 7:55 | Queue | Villager (Male) |
| 7:56 | Queue | Villager (Male) |
| 8:56 | Age | Feudal Age |
| 8:58 | Research | Double-Bit Axe |
| 9:00 | Research | Horse Collar |
| 9:25 | Queue | Villager (Male) |
| 9:31 | Build | Mining Camp |
| 9:47 | Queue | Villager (Male) |
| 10:07 | Build | Farm |
| 10:17 | Research | Wheelbarrow |
| 10:24 | Build | House |
| 10:27 | Build | House |
| 10:35 | Queue | Villager (Male) |
| 10:38 | Research | Gold Mining |
| 10:49 | Build | Farm |
| 11:13 | Build | Farm |
| 11:18 | Build | Farm |
| 11:29 | Queue | Villager (Male) |
| 11:50 | Queue | Villager (Male) |
| 12:10 | Build | Market |
| 12:13 | Queue | Villager (Male) |
| 12:41 | Build | Blacksmith |
| 12:50 | Queue | Villager (Male) |
| 13:36 | Research | Castle Age |
| 13:41 | Queue | Villager (Male) |
| 13:52 | Build | Farm |
| 13:55 | Build | Farm |
| 14:00 | Build | Farm |
| 14:15 | Build | Farm |
| 14:17 | Queue | Villager (Male) |
| 15:11 | Build | House |
| 15:13 | Build | House |
| 15:16 | Build | House |
| 15:17 | Build | House |
| 15:49 | Research | Stone Mining |
| 16:16 | Age | Castle Age |
| 16:19 | Build | Town Center |
| 16:26 | Build | Town Center |
| 16:30 | Research | Bow Saw |
| 16:43 | Research | Heavy Plow |
| 16:44 | Research | Heavy Plow |
| 16:44 | Queue | Villager (Male) |
| 16:52 | Build | House |
| 17:01 | Queue | Villager (Male) |
| 17:02 | Queue | Villager (Male) |
| 17:14 | Build | House |
| 17:17 | Build | House |
| 17:23 | Queue | Villager (Male) |
| 17:24 | Queue | Villager (Male) |
| 17:36 | Queue | Villager (Male) |
| 17:36 | Queue | Villager (Male) |
| 17:38 | Queue | Villager (Male) |
| 17:42 | Queue | Villager (Male) |
| 17:43 | Queue | Villager (Male) |
| 17:43 | Queue | Villager (Male) |
| 17:52 | Build | Farm |
| 17:53 | Build | Farm |
| 17:56 | Build | Farm |
| 17:58 | Queue | Villager (Male) |
| 18:07 | Build | Farm |
| 18:07 | Build | Farm |
| 18:07 | Build | Farm |
| 18:10 | Queue | Villager (Male) |
| 18:16 | Build | Farm |
| 18:19 | Build | Farm |
| 18:21 | Queue | Villager (Male) |
| 18:28 | Build | Farm |
| 18:38 | Build | House |
| 18:39 | Queue | Villager (Male) |
| 18:44 | Build | Farm |
| 18:49 | Queue | Villager (Male) |
| 18:56 | Queue | Villager (Male) |
| 19:00 | Build | Farm |
| 19:01 | Queue | Villager (Male) |
| 19:06 | Build | Farm |
| 19:10 | Build | Farm |
| 19:12 | Build | Farm |
| 19:16 | Queue | Villager (Male) |
| 19:20 | Build | House |
| 19:21 | Build | House |
| 19:24 | Queue | Villager (Male) |
| 19:26 | Queue | Villager (Male) |
| 19:33 | Queue | Villager (Male) |
| 19:48 | Build | Town Center |
| 19:51 | Research | Loom |
| 19:53 | Queue | Villager (Male) |
| 19:55 | Queue | Villager (Male) |
| 19:58 | Build | Farm |
| 20:10 | Build | Farm |
| 20:10 | Build | Farm |
| 20:10 | Build | Farm |
| 20:11 | Build | Farm |
| 20:11 | Build | Farm |
| 20:12 | Build | Farm |
| 20:13 | Build | Farm |
| 20:20 | Queue | Villager (Male) |
| 20:20 | Queue | Villager (Male) |
| 20:20 | Queue | Villager (Male) |
| 20:20 | Queue | Villager (Male) |
| 20:21 | Queue | Villager (Male) |
| 20:25 | Build | House |
| 20:28 | Build | House |
| 20:30 | Queue | Villager (Male) |
| 20:39 | Queue | Villager (Male) |
| 20:40 | Queue | Villager (Male) |
| 20:47 | Build | Farm |
| 20:49 | Build | Farm |
| 20:53 | Queue | Villager (Male) |
| 21:05 | Research | Gold Shaft Mining |
| 21:07 | Queue | Villager (Male) |
| 21:24 | Build | House |
| 21:25 | Build | House |
| 21:25 | Build | House |
| 21:26 | Build | House |
| 21:26 | Build | House |
| 21:27 | Build | House |
| 21:27 | Build | House |
| 21:29 | Queue | Villager (Male) |
| 21:29 | Queue | Villager (Male) |
| 21:29 | Queue | Villager (Male) |
| 21:29 | Queue | Villager (Male) |
| 21:37 | Queue | Villager (Male) |
| 21:37 | Queue | Villager (Male) |
| 21:42 | Build | Farm |
| 21:45 | Build | Farm |
| 21:45 | Build | Farm |
Build order — RTH
First 150 of 781 actions detected
| 0:01 | Queue | Villager (Male) |
| 0:01 | Queue | Villager (Male) |
| 0:02 | Build | House |
| 0:03 | Build | House |
| 0:03 | Queue | Villager (Male) |
| 0:08 | Queue | Villager (Male) |
| 1:25 | Queue | Villager (Male) |
| 1:25 | Queue | Villager (Male) |
| 1:50 | Queue | Villager (Male) |
| 2:28 | Queue | Villager (Male) |
| 2:28 | Queue | Villager (Male) |
| 2:44 | Queue | Villager (Male) |
| 3:18 | Queue | Villager (Male) |
| 3:18 | Queue | Villager (Male) |
| 3:24 | Queue | Villager (Male) |
| 3:51 | Build | House |
| 4:06 | Queue | Villager (Male) |
| 4:15 | Build | Lumber Camp |
| 4:30 | Queue | Villager (Male) |
| 4:55 | Queue | Villager (Male) |
| 5:21 | Queue | Villager (Male) |
| 5:34 | Queue | Villager (Male) |
| 6:01 | Queue | Villager (Male) |
| 6:22 | Build | House |
| 6:51 | Build | House |
| 6:53 | Build | House |
| 6:53 | Queue | Villager (Male) |
| 7:00 | Build | Mill |
| 7:24 | Queue | Villager (Male) |
| 7:49 | Queue | Villager (Male) |
| 8:05 | Build | Mill |
| 8:11 | Queue | Villager (Male) |
| 8:26 | Queue | Villager (Male) |
| 8:55 | Build | Mining Camp |
| 9:02 | Research | Feudal Age |
| 9:17 | Build | Farm |
| 10:28 | Queue | Villager (Male) |
| 11:24 | Age | Feudal Age |
| 11:28 | Build | Market |
| 11:33 | Build | Blacksmith |
| 11:34 | Queue | Villager (Male) |
| 12:05 | Build | Farm |
| 12:17 | Queue | Villager (Male) |
| 12:23 | Build | Farm |
| 12:36 | Research | Castle Age |
| 12:39 | Research | Double-Bit Axe |
| 12:44 | Build | Farm |
| 13:21 | Build | Farm |
| 13:39 | Build | Farm |
| 13:46 | Build | Farm |
| 14:34 | Build | Farm |
| 14:43 | Queue | Villager (Male) |
| 15:22 | Age | Castle Age |
| 15:25 | Build | Town Center |
| 15:29 | Build | Town Center |
| 15:33 | Queue | Villager (Male) |
| 15:36 | Research | Bow Saw |
| 15:36 | Research | Bow Saw |
| 15:48 | Queue | Villager (Male) |
| 15:53 | Research | Horse Collar |
| 16:09 | Build | Farm |
| 16:20 | Build | Farm |
| 16:23 | Build | Farm |
| 16:25 | Build | Farm |
| 16:30 | Queue | Villager (Male) |
| 16:33 | Build | Farm |
| 16:41 | Build | Farm |
| 16:43 | Queue | Villager (Male) |
| 16:44 | Queue | Villager (Male) |
| 16:45 | Queue | Villager (Male) |
| 16:53 | Build | Farm |
| 16:56 | Research | Heavy Plow |
| 17:00 | Build | Farm |
| 17:03 | Build | Farm |
| 17:04 | Queue | Villager (Male) |
| 17:19 | Build | Farm |
| 17:27 | Queue | Villager (Male) |
| 17:29 | Queue | Villager (Male) |
| 17:30 | Build | Farm |
| 17:36 | Queue | Villager (Male) |
| 17:48 | Build | Farm |
| 17:49 | Queue | Villager (Male) |
| 17:52 | Queue | Villager (Male) |
| 17:54 | Queue | Villager (Male) |
| 17:54 | Queue | Villager (Male) |
| 17:57 | Build | Farm |
| 18:01 | Queue | Villager (Male) |
| 18:11 | Build | Farm |
| 18:16 | Queue | Villager (Male) |
| 18:22 | Build | Farm |
| 18:24 | Queue | Villager (Male) |
| 18:28 | Build | House |
| 18:33 | Research | Loom |
| 18:39 | Build | Farm |
| 18:40 | Queue | Villager (Male) |
| 18:40 | Queue | Villager (Male) |
| 18:41 | Queue | Villager (Male) |
| 18:41 | Queue | Villager (Male) |
| 18:51 | Build | House |
| 18:51 | Build | House |
| 18:51 | Build | House |
| 18:51 | Build | House |
| 18:52 | Build | House |
| 18:52 | Build | House |
| 18:54 | Queue | Villager (Male) |
| 18:56 | Build | House |
| 18:57 | Queue | Villager (Male) |
| 19:07 | Queue | Villager (Male) |
| 19:10 | Build | Farm |
| 19:25 | Build | House |
| 19:28 | Queue | Villager (Male) |
| 19:28 | Queue | Villager (Male) |
| 19:28 | Queue | Villager (Male) |
| 19:31 | Research | Wheelbarrow |
| 19:31 | Research | Wheelbarrow |
| 19:39 | Build | Farm |
| 19:43 | Build | Farm |
| 19:47 | Build | Farm |
| 19:50 | Queue | Villager (Male) |
| 19:55 | Queue | Villager (Male) |
| 19:58 | Build | Farm |
| 20:07 | Queue | Villager (Male) |
| 20:12 | Queue | Villager (Male) |
| 20:22 | Queue | Villager (Male) |
| 20:44 | Queue | Villager (Male) |
| 20:48 | Build | Farm |
| 20:50 | Queue | Villager (Male) |
| 21:06 | Queue | Villager (Male) |
| 21:13 | Build | Farm |
| 21:27 | Build | Farm |
| 21:29 | Queue | Villager (Male) |
| 21:32 | Build | Farm |
| 21:33 | Queue | Villager (Male) |
| 21:34 | Queue | Villager (Male) |
| 21:48 | Queue | Villager (Male) |
| 21:58 | Research | Gold Mining |
| 21:58 | Research | Gold Mining |
| 22:18 | Queue | Villager (Male) |
| 22:26 | Build | Mining Camp |
| 22:30 | Queue | Villager (Male) |
| 22:36 | Build | Barracks |
| 22:39 | Queue | Villager (Male) |
| 22:39 | Queue | Villager (Male) |
| 22:40 | Queue | Villager (Male) |
| 22:43 | Build | House |
| 22:44 | Build | House |
| 22:48 | Research | Stone Mining |
| 22:48 | Research | Stone Mining |
| 22:52 | Queue | Villager (Male) |
| 22:57 | Build | Farm |
Build order — Fr4ggi
First 150 of 590 actions detected
| 0:01 | Queue | Villager (Male) |
| 0:06 | Build | House |
| 0:10 | Build | House |
| 0:23 | Queue | Villager (Male) |
| 0:36 | Queue | Villager (Male) |
| 0:59 | Queue | Villager (Male) |
| 0:59 | Queue | Villager (Male) |
| 1:43 | Build | Lumber Camp |
| 1:45 | Queue | Villager (Male) |
| 2:02 | Queue | Villager (Male) |
| 2:52 | Queue | Villager (Male) |
| 3:24 | Queue | Villager (Male) |
| 3:24 | Queue | Villager (Male) |
| 3:38 | Build | House |
| 4:12 | Queue | Villager (Male) |
| 4:21 | Build | Mill |
| 4:23 | Queue | Villager (Male) |
| 4:30 | Queue | Villager (Male) |
| 5:23 | Queue | Villager (Male) |
| 5:23 | Queue | Villager (Male) |
| 5:32 | Queue | Villager (Male) |
| 6:13 | Queue | Villager (Male) |
| 6:38 | Build | House |
| 6:41 | Research | Loom |
| 6:43 | Queue | Villager (Male) |
| 7:09 | Build | Farm |
| 7:10 | Build | Farm |
| 7:23 | Queue | Villager (Male) |
| 7:41 | Queue | Villager (Male) |
| 8:03 | Queue | Villager (Male) |
| 8:21 | Build | Mining Camp |
| 8:29 | Research | Feudal Age |
| 9:14 | Build | Farm |
| 9:29 | Build | Barracks |
| 9:31 | Build | House |
| 10:08 | Queue | Villager (Male) |
| 10:44 | Age | Feudal Age |
| 11:07 | Queue | Villager (Male) |
| 11:28 | Build | Stable |
| 11:30 | Queue | Villager (Male) |
| 11:38 | Build | Farm |
| 11:40 | Queue | Villager (Male) |
| 11:53 | Queue | Villager (Male) |
| 12:03 | Build | House |
| 12:21 | Queue | Villager (Male) |
| 12:32 | Build | Blacksmith |
| 12:50 | Queue | Villager (Male) |
| 13:11 | Build | Farm |
| 13:20 | Research | Castle Age |
| 13:37 | Build | Mill |
| 13:43 | Build | Farm |
| 14:12 | Build | House |
| 14:29 | Build | Lumber Camp |
| 14:33 | Build | Farm |
| 14:45 | Queue | Villager (Male) |
| 14:59 | Research | Bloodlines |
| 15:02 | Research | Scale Barding Armor |
| 15:08 | Build | House |
| 15:26 | Research | Double-Bit Axe |
| 15:29 | Research | Horse Collar |
| 15:53 | Age | Castle Age |
| 15:58 | Queue | Villager (Male) |
| 16:06 | Build | Town Center |
| 16:18 | Queue | Villager (Male) |
| 16:23 | Queue | Villager (Male) |
| 16:44 | Build | Farm |
| 16:49 | Build | Farm |
| 16:54 | Queue | Villager (Male) |
| 17:23 | Queue | Villager (Male) |
| 17:27 | Build | Farm |
| 17:28 | Build | Farm |
| 17:42 | Build | House |
| 17:50 | Build | Farm |
| 17:52 | Build | Farm |
| 17:55 | Build | Farm |
| 17:57 | Queue | Villager (Male) |
| 17:57 | Queue | Villager (Male) |
| 18:00 | Queue | Villager (Male) |
| 18:11 | Research | Bow Saw |
| 18:18 | Queue | Knight |
| 18:25 | Queue | Villager (Male) |
| 18:31 | Queue | Villager (Male) |
| 18:33 | Queue | Villager (Male) |
| 18:54 | Build | Farm |
| 18:56 | Queue | Villager (Male) |
| 19:11 | Build | Town Center |
| 19:17 | Queue | Villager (Male) |
| 19:17 | Queue | Villager (Male) |
| 19:20 | Queue | Villager (Male) |
| 19:20 | Queue | Villager (Male) |
| 19:25 | Build | Farm |
| 19:38 | Build | Farm |
| 19:46 | Build | Farm |
| 19:53 | Research | Wheelbarrow |
| 19:57 | Build | Farm |
| 20:21 | Build | House |
| 20:22 | Build | House |
| 20:30 | Build | Farm |
| 20:32 | Build | Farm |
| 20:35 | Build | Farm |
| 20:40 | Build | Mining Camp |
| 20:41 | Queue | Villager (Male) |
| 20:45 | Queue | Villager (Male) |
| 20:45 | Queue | Villager (Male) |
| 21:05 | Build | Siege Workshop |
| 21:12 | Queue | Villager (Male) |
| 21:21 | Research | Forging |
| 21:23 | Queue | Villager (Male) |
| 21:34 | Queue | Villager (Male) |
| 21:35 | Queue | Villager (Male) |
| 21:37 | Queue | Villager (Male) |
| 21:38 | Queue | Villager (Male) |
| 21:46 | Build | Farm |
| 21:48 | Queue | Villager (Male) |
| 21:51 | Build | Farm |
| 21:53 | Queue | Villager (Male) |
| 21:53 | Queue | Villager (Male) |
| 21:58 | Build | Farm |
| 22:01 | Build | Farm |
| 22:02 | Queue | Villager (Male) |
| 22:02 | Queue | Villager (Male) |
| 22:04 | Queue | Villager (Male) |
| 22:15 | Queue | Villager (Male) |
| 22:16 | Queue | Villager (Male) |
| 22:24 | Research | Gold Mining |
| 22:34 | Build | University |
| 22:50 | Queue | Villager (Male) |
| 22:51 | Queue | Villager (Male) |
| 22:53 | Queue | Villager (Male) |
| 23:01 | Build | Farm |
| 23:03 | Build | Farm |
| 23:07 | Build | Farm |
| 23:11 | Research | Hand Cart |
| 23:24 | Build | House |
| 23:25 | Build | House |
| 23:27 | Build | House |
| 23:29 | Build | House |
| 23:34 | Research | Heavy Plow |
| 23:43 | Queue | Villager (Male) |
| 23:44 | Queue | Villager (Male) |
| 23:57 | Research | Stone Mining |
| 24:25 | Queue | Villager (Male) |
| 24:36 | Build | Mining Camp |
| 24:54 | Build | Farm |
| 24:55 | Build | Farm |
| 24:57 | Queue | Villager (Male) |
| 25:07 | Build | Farm |
| 25:11 | Queue | Villager (Male) |
| 25:12 | Queue | Villager (Male) |
| 25:12 | Queue | Villager (Male) |
Build order — Cristiano_Riscardo
First 150 of 699 actions detected
| 0:01 | Queue | Villager (Male) |
| 0:02 | Queue | Villager (Male) |
| 0:03 | Build | House |
| 0:04 | Build | House |
| 0:12 | Queue | Villager (Male) |
| 0:12 | Queue | Villager (Male) |
| 0:56 | Build | Settlement |
| 1:43 | Queue | Villager (Male) |
| 2:21 | Queue | Villager (Male) |
| 3:00 | Queue | Villager (Male) |
| 3:21 | Queue | Villager (Male) |
| 3:25 | Build | Settlement |
| 3:31 | Queue | Villager (Male) |
| 3:55 | Queue | Villager (Male) |
| 4:48 | Queue | Villager (Male) |
| 4:49 | Queue | Villager (Male) |
| 5:08 | Queue | Villager (Male) |
| 5:08 | Queue | Villager (Male) |
| 5:08 | Queue | Villager (Male) |
| 5:35 | Queue | Villager (Male) |
| 5:56 | Queue | Villager (Male) |
| 5:56 | Queue | Villager (Male) |
| 6:15 | Queue | Villager (Male) |
| 6:15 | Queue | Villager (Male) |
| 6:15 | Queue | Villager (Male) |
| 6:16 | Queue | Villager (Male) |
| 6:47 | Research | Loom |
| 8:00 | Research | Feudal Age |
| 8:20 | Build | Farm |
| 8:21 | Build | Farm |
| 9:46 | Build | Farm |
| 9:50 | Build | Farm |
| 9:51 | Build | Farm |
| 9:55 | Build | House |
| 10:35 | Queue | Villager (Male) |
| 10:35 | Queue | Villager (Male) |
| 11:26 | Queue | Villager (Male) |
| 11:29 | Age | Feudal Age |
| 11:33 | Build | Blacksmith |
| 11:34 | Build | Market |
| 12:03 | Queue | Villager (Male) |
| 12:09 | Research | Double-Bit Axe |
| 12:17 | Build | Settlement |
| 12:40 | Research | Town Watch |
| 13:11 | Build | Outpost |
| 13:20 | Queue | Villager (Male) |
| 13:58 | Research | Castle Age |
| 14:33 | Build | Outpost |
| 14:43 | Build | Farm |
| 14:44 | Build | Farm |
| 14:51 | Research | Horse Collar |
| 15:07 | Research | Scale Mail Armor |
| 15:25 | Build | Outpost |
| 15:58 | Queue | Villager (Male) |
| 16:19 | Build | Outpost |
| 16:38 | Age | Castle Age |
| 16:41 | Build | Monastery |
| 16:55 | Research | Town Patrol |
| 17:08 | Build | Outpost |
| 17:20 | Build | Farm |
| 17:30 | Queue | Monk |
| 17:34 | Build | Farm |
| 17:37 | Queue | Villager (Male) |
| 17:38 | Queue | Villager (Male) |
| 17:38 | Queue | Villager (Male) |
| 17:56 | Build | Town Center |
| 17:59 | Queue | Villager (Male) |
| 18:20 | Queue | Unit 2586 |
| 18:31 | Queue | Villager (Male) |
| 18:42 | Build | Outpost |
| 18:44 | Build | House |
| 18:55 | Queue | Villager (Male) |
| 18:55 | Queue | Villager (Male) |
| 19:09 | Queue | Villager (Male) |
| 19:37 | Build | Farm |
| 19:39 | Queue | Villager (Male) |
| 19:50 | Queue | Villager (Male) |
| 19:50 | Queue | Villager (Male) |
| 19:57 | Build | Castle |
| 20:06 | Queue | Villager (Male) |
| 20:06 | Queue | Villager (Male) |
| 20:07 | Queue | Villager (Male) |
| 20:32 | Build | Farm |
| 20:33 | Queue | Villager (Male) |
| 20:34 | Queue | Villager (Male) |
| 20:45 | Build | Farm |
| 21:03 | Build | Farm |
| 21:03 | Queue | Villager (Male) |
| 21:07 | Build | Farm |
| 21:11 | Build | House |
| 21:12 | Build | House |
| 21:13 | Build | House |
| 21:14 | Build | House |
| 21:21 | Queue | Monk |
| 21:42 | Queue | Villager (Male) |
| 21:43 | Queue | Villager (Male) |
| 21:46 | Build | Farm |
| 21:55 | Queue | Villager (Male) |
| 21:56 | Queue | Villager (Male) |
| 22:03 | Build | Farm |
| 22:08 | Queue | Villager (Male) |
| 22:08 | Queue | Villager (Male) |
| 22:15 | Build | Farm |
| 22:22 | Build | Farm |
| 22:33 | Queue | Villager (Male) |
| 22:48 | Build | Farm |
| 22:50 | Build | Farm |
| 22:52 | Queue | Villager (Male) |
| 22:53 | Queue | Villager (Male) |
| 23:01 | Build | Farm |
| 23:02 | Queue | Villager (Male) |
| 23:02 | Queue | Villager (Male) |
| 23:13 | Build | Farm |
| 23:17 | Queue | Unit 2586 |
| 23:28 | Build | Farm |
| 23:32 | Build | Farm |
| 23:46 | Build | Farm |
| 23:47 | Build | Farm |
| 23:49 | Queue | Villager (Male) |
| 23:49 | Queue | Villager (Male) |
| 23:49 | Queue | Villager (Male) |
| 24:00 | Build | Farm |
| 24:05 | Queue | Villager (Male) |
| 24:05 | Queue | Villager (Male) |
| 24:05 | Queue | Villager (Male) |
| 24:27 | Build | Farm |
| 24:50 | Build | Farm |
| 24:52 | Queue | Villager (Male) |
| 24:52 | Queue | Villager (Male) |
| 24:52 | Queue | Villager (Male) |
| 24:54 | Research | Wheelbarrow |
| 25:04 | Build | Farm |
| 25:06 | Queue | Villager (Male) |
| 25:06 | Queue | Villager (Male) |
| 25:42 | Build | Farm |
| 25:46 | Build | Farm |
| 25:54 | Build | Farm |
| 25:54 | Queue | Villager (Male) |
| 25:54 | Queue | Villager (Male) |
| 26:08 | Build | Castle |
| 26:11 | Build | House |
| 26:12 | Build | House |
| 26:12 | Build | House |
| 26:13 | Build | House |
| 26:23 | Build | Farm |
| 26:26 | Build | Farm |
| 26:33 | Build | Farm |
| 26:35 | Queue | Villager (Male) |
| 27:02 | Build | Farm |
| 27:09 | Research | Gold Mining |
Match timeline
| 8:56 | Malristanben · age_up feudal |
| 9:29 | Fr4ggi · first_building Barracks |
| 10:32 | Quando · age_up feudal |
| 10:44 | Fr4ggi · age_up feudal |
| 11:24 | RTH · age_up feudal |
| 11:28 | Fr4ggi · first_building Stable |
| 11:29 | Cristiano_Riscardo · age_up feudal |
| 11:50 | Relief · age_up feudal |
| 13:32 | Malristanben · first_market_sell 100 wood |
| 13:33 | Malristanben · first_market_buy 100 food |
| 14:13 | Quando · age_up castle |
| 14:24 | Quando · first_building Monastery |
| 15:22 | RTH · age_up castle |
| 15:29 | Relief · age_up castle |
| 15:31 | Relief · first_building Monastery |
| 15:53 | Fr4ggi · age_up castle |
| 16:16 | Malristanben · age_up castle |
| 16:18 | Relief · first_building Castle |
| 16:38 | Cristiano_Riscardo · age_up castle |
| 16:41 | Cristiano_Riscardo · first_building Monastery |
| 16:44 | Quando · first_building Barracks |
| 19:57 | Cristiano_Riscardo · first_building Castle |
| 21:05 | Fr4ggi · first_building Siege Workshop |
| 22:36 | RTH · first_building Barracks |
| 22:54 | Malristanben · first_building Barracks |
| 23:25 | Malristanben · first_building Castle |
| 24:55 | Malristanben · first_building Stable |
| 25:09 | RTH · first_building Castle |
| 25:22 | Quando · first_market_sell 100 food |
| 26:56 | Quando · first_building Archery Range |
| 27:37 | Relief · first_building Barracks |
| 28:23 | Quando · first_building Siege Workshop |
| 28:36 | Quando · age_up imperial |
| 28:45 | Relief · first_building Archery Range |
| 29:16 | Fr4ggi · age_up imperial |
| 29:35 | Malristanben · first_building Monastery |
| 29:44 | Quando · first_market_buy 100 stone |
| 29:46 | Quando · first_building Castle |
| 29:50 | RTH · age_up imperial |
| 30:22 | Malristanben · age_up imperial |
| 30:42 | Relief · age_up imperial |
| 31:01 | RTH · first_building Siege Workshop |
| 31:38 | Cristiano_Riscardo · first_market_sell 100 food |
| 32:55 | Cristiano_Riscardo · age_up imperial |
| 33:35 | Quando · wall_segment Stone Wall x6 |
| 33:43 | Cristiano_Riscardo · first_building Barracks |
| 35:11 | Fr4ggi · first_building Castle |
| 36:01 | Malristanben · first_building Siege Workshop |
| 38:07 | Cristiano_Riscardo · first_market_buy 100 stone |
| 39:02 | Cristiano_Riscardo · first_building Archery Range |
| 52:42 | Fr4ggi · first_market_sell 500 food |
| 53:46 | Fr4ggi · wall_segment Stone Wall x10 |
| 55:02 | RTH · first_building Archery Range |
| 55:52 | Quando · wall_segment Stone Wall x16 |
| 56:02 | Fr4ggi · wall_segment Stone Wall x18 |
| 57:19 | RTH · first_market_sell 500 stone |
| 57:37 | Quando · wall_segment Stone Wall x17 |
| 58:06 | Quando · wall_segment Stone Wall x17 |
| 59:26 | Quando · wall_segment Stone Wall x28 |
| 60:06 | Relief · wall_segment Stone Wall x2 |
| 60:08 | Relief · wall_segment Stone Wall x1 |
| 61:32 | Quando · wall_segment Stone Wall x6 |
| 61:37 | Quando · wall_segment Stone Wall x11 |
| 67:48 | Fr4ggi · wall_segment Stone Wall x6 |
| 67:50 | Quando · wall_segment Stone Wall x1 |
| 67:56 | Quando · wall_segment Stone Wall x3 |
| 68:29 | Quando · wall_segment Stone Wall x1 |
| 68:30 | Quando · wall_segment Stone Wall x1 |
| 68:31 | Quando · wall_segment Stone Wall x1 |
| 68:58 | Quando · wall_segment Stone Wall x24 |
| 70:21 | Quando · wall_segment Palisade Wall x22 |
| 70:38 | Relief · wall_segment Stone Wall x3 |
| 79:58 | Malristanben · tribute_sent a jugador 1 |
| 79:58 | Malristanben · tribute_sent a jugador 3 |
| 79:58 | Malristanben · tribute_sent a jugador 4 |
| 79:58 | Malristanben · tribute_sent a jugador 5 |
| 79:58 | Malristanben · tribute_sent a jugador 6 |
| 80:56 | Malristanben · resign |
[ AI ANALYSIS · 1 CREDIT ]
What really happened in this match?
Wolo.gg analyzes every decision: build order, eco, micro, common mistakes by bracket. Personalized analysis on WhatsApp or Discord in 30 seconds.
Civ guide
Dravidians
Perfil
Jugador #2141671